 Dungeon Crawl Stone Soup version 0.30-b1-2-g02819fbbbe (webtiles) character file.

Game seed: 9510092390881823349

13417 Fartwhistle the Skirmisher (level 12, -5/94 HPs)
             Began as a Gnoll Hunter on Sept 7, 2023.
             Was an Initiate of Gozag.
             Slain by a cane toad (13 damage)
             ... on level 1 of the Lair of Beasts.
             The game lasted 00:36:13 (14221 turns).

Fartwhistle the Skirmisher (Gnoll Hunter)          Turns: 14221, Time: 00:36:14

Health: -5/94      AC: 11    Str: 10    XL:     12   Next: 5%
Magic:  22/22      EV: 13    Int: 17    God:    Gozag
Gold:   1771       SH:  0    Dex: 18    Spells: 25/25 levels left

rFire   . . .        m - +11 great mace "Itusm" {venom, rC+ rN+ Int+5}
rCold   + + .        (shield currently unavailable)
rNeg    + . .        P - +0 chain mail {rC+}
rPois   .            (no helmet)
rElec   .            E - scarf {repulsion}
rCorr   .            o - +0 pair of gloves
SInv    .            (no boots)
Will    .....        (no amulet)
Stlth   +            h - +5 ring of evasion
HPRegen 0.35/turn    (no ring)
MPRegen 0.18/turn

%: repel missiles
@: gold aura
A: fangs 1, strong nose, distributed training
a: Renounce Religion, Potion Petition, Call Merchant, Bribe Branch


You were on level 1 of the Lair of Beasts.
You worshipped Gozag.
Gozag was most pleased with you.
You visited 3 branches of the dungeon, and saw 12 of its levels.
You also visited: Bailey and Gauntlet.

You collected 1880 gold pieces.
You paid 109 gold pieces to Gozag.

Inventory:

Hand Weapons
 a - a +0 shortbow
 m - the +11 great mace "Itusm" (weapon) {venom, rC+ rN+ Int+5}
   (You found it on level 8 of the Dungeon)

   Int:       It affects your intelligence (+5).
   rC:        It protects you from cold.
   rN:        It protects you from negative energy.
Missiles
 p - 15 poisoned darts
 w - 3 throwing nets
Armour
 o - a +0 pair of gloves (worn)
 E - a scarf of repulsion (worn)
 P - a +0 chain mail of cold resistance (worn)
Magical Staves
 A - a staff of air
Jewellery
 h - a +5 ring of evasion (left hand)
 G - a ring of ice
 N - an amulet of guardian spirit
Wands
 z - a wand of charming (7)
 B - a wand of mindburst (4)
 L - a wand of iceblast (1)
 M - a wand of polymorph (2)
 O - a wand of flame (20)
Scrolls
 b - 3 scrolls of immolation
 e - 3 scrolls of noise {unknown}
 j - a scroll of brand weapon {unknown}
 k - 4 scrolls of enchant armour {unknown}
 l - 3 scrolls of magic mapping {unknown}
 q - a scroll of poison {unknown}
 r - 2 scrolls of butterflies {unknown}
 u - 5 scrolls of teleportation {unknown}
 v - 3 scrolls of torment
 D - 2 scrolls of fear {unknown}
 H - 2 scrolls of silence {unknown}
 I - a scroll of amnesia {unknown}
 J - a scroll of fog {unknown}
Potions
 c - 2 potions of might
 d - 2 potions of magic
 f - 2 potions of curing
 g - 5 potions of heal wounds
 i - a potion of mutation {unknown}
 n - 2 potions of invisibility
 s - 2 potions of haste
 x - 2 potions of degeneration {unknown}
 C - 2 potions of flight {unknown}
 F - a potion of ambrosia {unknown}
 K - a potion of resistance {unknown}


   Skills:
 + Level 8.6 Fighting
 + Level 7.1 Short Blades
 + Level 7.1 Long Blades
 + Level 7.1 Axes
 + Level 7.1 Maces & Flails
 + Level 7.1 Polearms
 + Level 7.1 Staves
 + Level 11.1 Ranged Weapons
 + Level 7.1 Throwing
 + Level 7.1 Armour
 + Level 8.6 Dodging
 + Level 7.6 Stealth
 + Level 7.1 Shields
 + Level 7.1 Unarmed Combat
 + Level 7.1 Spellcasting
 + Level 5.9 Conjurations
 + Level 5.9 Hexes
 + Level 5.9 Summonings
 + Level 5.9 Necromancy
 + Level 5.9 Translocations
 + Level 5.9 Transmutations
 + Level 5.9 Fire Magic
 + Level 5.9 Ice Magic
 + Level 5.9 Air Magic
 + Level 5.9 Earth Magic
 + Level 5.9 Poison Magic
 + Level 7.8 Invocations
 + Level 7.1 Evocations


You had 25 spell levels left.
You didn't know any spells.
Your spell library contained the following spells:

 Spells                   Type           Power      Damage    Failure   Level
 Apportation              Tloc           52%        N/A       26%         1
 Call Canine Familiar     Summ           26%        N/A       61%         3
 Ozocubu's Armour         Ice            26%        N/A       61%         3
 Portal Projectile        Hex/Tloc       52%        N/A       61%         3
 Leda's Liquefaction      Hex/Erth       13%        N/A       95%         4
 Alistair's Intoxication  Tmut/Pois      17%        N/A       100%        5
 Metabolic Englaciation   Hex/Ice        13%        N/A       100%        5
 Simulacrum               Ice/Necr       Unusable   N/A       N/A         6

Dungeon Overview and Level Annotations

Branches:
Dungeon (10/15)            Temple (1/1) D:6            Lair (1/5) D:9
 Bailey (visited)         Gauntlet (visited)
    Orc: D:9-12

Altars:
Ashenzari
Cheibriados
Dithmenos
Elyvilon
Fedhas
Gozag
Hepliaklqana
Kikubaaqudgha
Makhleb
Nemelex Xobeh
Okawaru
Qazlal
Ru
Sif Muna
Trog
Uskayaw
Vehumet
Wu Jian
Xom
Yredelemnul
Zin
The Shining One

Shops:
D:3 :

Annotations:
D:10 2 transporters, 1 runed translucent door


Innate Abilities, Weirdness & Mutations

You have very sharp teeth.
Your uncanny sense of smell can sniff out nearby items.
Your experience applies equally to all skills.


Message History

A wolf comes into view.
Found a robe.
You shoot an arrow. The arrow hits the wolf!
The wolf is moderately wounded.
You shoot an arrow. The arrow closely misses the wolf.
A cane toad comes into view.
The wolf bites you.
You feel clever.
The +11 great mace "Itusm" {venom, rC+ rN+ Int+5} begins to drip with poison!
m - the +11 great mace "Itusm" (weapon)
{venom, rC+ rN+ Int+5} The cane toad gives a loud, deep croak!
The wolf misses you.
You sock the wolf!
You kill the wolf!
You see here 4 gold pieces.
You hit the cane toad.
The cane toad is poisoned.
The cane toad is lightly wounded.
The cane toad stings you!
You are poisoned.
The cane toad poisons you! The cane toad misses you.
You barely miss the cane toad.
The cane toad is lightly wounded.
You feel extremely sick. The cane toad stings you! The cane toad stings you.
You are more poisoned.
The cane toad poisons you!
You thump the cane toad! You bite the cane toad.
The cane toad is heavily wounded.
You feel extremely sick. The cane toad stings you!!
* * * LOW HITPOINT WARNING * * *
You feel much better.
You feel extremely sick. The cane toad stings you!!
* * * LOW HITPOINT WARNING * * *
You feel better. The cane toad stings you!!
* * * LOW HITPOINT WARNING * * *
The cane toad stings you!
You die...
Your body crumbles into a pile of gold.

.###.###############
........................
........................
........................
.......................
...####....#..###....#
...# #...#...###....#
#### #...#.⌠........##
..#####..#...###@.....#
...##..##....# #.F...##
............## #[....#
##....⌠....## #P....#
##........# #......#
#.⌠...⌠.## ##....##
##......... .....
##....⌠....#. ....##
#............ #....#


You could see a cane toad (very poisoned).

Vanquished Creatures
  3 two-headed ogres
  A deep elf pyromancer (D:10)
  A black mamba (Lair:1)
  2 cane toads (Lair:1)
  4 trolls
  A polar bear (Lair:1)
  3 blink frogs (Lair:1)
  2 hornets (D:9)
  A shadow (D:9)
  19 yaks
  A vampire (D:9)
  A wyvern (D:9)
  A wraith (D:9)
  An acid dragon (D:9)
  4 water moccasins
  7 orc warriors
  An ice beast (D:5)
  5 ogres
  8 wolves
  3 centaurs
  2 phantoms
  A gnoll sergeant (D:10)
  3 bullfrogs
  2 scorpions
  4 wights (D:9)
  3 killer bees (D:7)
  8 howler monkeys
  3 electric eels (D:9)
  A jelly (D:5)
  A gnoll bouda (D:8)
  8 hounds
  6 orc priests
  4 iguanas
  Terence (D:3)
  6 orc wizards
  17 gnolls
  13 adders
  A white imp (D:7)
  2 ufetubi (D:3)
  3 worms
  4 dart slugs
  22 orcs
  5 ball pythons
  3 bats
  7 endoplasms
  12 goblins
  9 hobgoblins
  3 quokkas
  5 frilled lizards (D:1)
  18 kobolds
  A rat (D:2)
247 creatures vanquished.

Vanquished Creatures (collateral kills)
  A gnoll (D:8)
1 creature vanquished.

Vanquished Creatures (others)
  2 slime creatures (D:8)
  A howler monkey (D:8)
  An orc wizard (D:6)
  14 demonic plants (Gauntlet)
  4 fungi (Lair:1)
  2 plants (Lair:1)
24 creatures vanquished.

Grand Total: 272 creatures vanquished

Notes
Turn   | Place    | Note
-------+----------+-------------------------------------------
     0 | D:1      | Fartwhistle the Gnoll Hunter began the quest for the Orb.
     0 | D:1      | Reached XP level 1. HP: 20/20 MP: 1/1
   101 | D:1      | Reached XP level 2. HP: 26/26 MP: 2/2
   331 | D:1      | Reached XP level 3. HP: 23/31 MP: 3/3
   729 | D:2      | Reached skill level 1 in Invocations
   759 | D:2      | Reached skill level 1 in Short Blades
   759 | D:2      | Reached skill level 1 in Long Blades
   759 | D:2      | Reached skill level 1 in Axes
   759 | D:2      | Reached skill level 1 in Maces & Flails
   759 | D:2      | Reached skill level 1 in Polearms
   759 | D:2      | Reached skill level 1 in Staves
   759 | D:2      | Reached skill level 1 in Throwing
   759 | D:2      | Reached skill level 1 in Armour
   759 | D:2      | Reached skill level 1 in Shields
   759 | D:2      | Reached skill level 1 in Unarmed Combat
   759 | D:2      | Reached skill level 1 in Spellcasting
   759 | D:2      | Reached skill level 1 in Evocations
   874 | D:2      | Reached XP level 4. HP: 38/38 MP: 5/5
  1357 | D:2      | Reached skill level 1 in Conjurations
  1357 | D:2      | Reached skill level 1 in Hexes
  1357 | D:2      | Reached skill level 1 in Summonings
  1357 | D:2      | Reached skill level 1 in Necromancy
  1357 | D:2      | Reached skill level 1 in Translocations
  1357 | D:2      | Reached skill level 1 in Transmutations
  1357 | D:2      | Reached skill level 1 in Fire Magic
  1357 | D:2      | Reached skill level 1 in Ice Magic
  1357 | D:2      | Reached skill level 1 in Air Magic
  1357 | D:2      | Reached skill level 1 in Earth Magic
  1357 | D:2      | Reached skill level 1 in Poison Magic
  1639 | D:3      | Noticed Terence
  1659 | D:3      | Killed Terence
  1660 | D:3      | Reached XP level 5. HP: 24/43 MP: 5/7
  1907 | D:3      | Found Cebb's Book Shop.
  2282 | D:4      | Noticed an ogre
  2323 | D:4      | Killed an ogre
  2324 | D:4      | Reached skill level 5 in Fighting
  2324 | D:4      | Reached skill level 5 in Dodging
  2324 | D:4      | Reached XP level 6. HP: 51/51 MP: 7/9
  2740 | D:4      | Reached XP level 7. HP: 24/56 MP: 10/10
  3201 | D:5      | Entered Level 5 of the Dungeon
  3376 | D:5      | Reached skill level 9 in Ranged Weapons
  3688 | D:5      | Reached XP level 8. HP: 57/63 MP: 12/12
  4386 | D:6      | Found a staircase to the Ecumenical Temple.
  5064 | D:6      | Found a shadowy altar of Dithmenos.
  5534 | Temple   | Entered the Ecumenical Temple
  5773 | Temple   | Became a worshipper of Gozag Ym Sagoz the Greedy
  5930 | D:7      | Noticed a two-headed ogre
  5942 | D:7      | Killed a two-headed ogre
  5943 | D:7      | Reached XP level 9. HP: 60/70 MP: 13/15
  6036 | D:7      | Found a sparkling altar of Nemelex Xobeh.
  6236 | D:7      | Reached skill level 5 in Stealth
  6549 | D:7      | HP: 2/71 [killer bee (6)]
  6909 | D:7      | Reached skill level 5 in Invocations
  7505 | D:8      | Identified the +11 great mace "Itusm" {venom, rC+ rN+
                  | Int+5}
  7554 | D:8      | Noticed a white ugly thing
  7557 | D:8      | Noticed an efreet
  7558 | D:8      | Noticed a manticore
  7568 | D:8      | Noticed a cyclops
  7568 | D:8      | Noticed a centaur warrior
  8074 | D:8      | Reached skill level 5 in Short Blades
  8074 | D:8      | Reached skill level 5 in Long Blades
  8074 | D:8      | Reached skill level 5 in Axes
  8074 | D:8      | Reached skill level 5 in Maces & Flails
  8074 | D:8      | Reached skill level 5 in Polearms
  8074 | D:8      | Reached skill level 5 in Staves
  8074 | D:8      | Reached skill level 5 in Throwing
  8074 | D:8      | Reached skill level 5 in Armour
  8074 | D:8      | Reached skill level 5 in Shields
  8074 | D:8      | Reached skill level 5 in Unarmed Combat
  8074 | D:8      | Reached skill level 5 in Spellcasting
  8074 | D:8      | Reached skill level 5 in Evocations
  8074 | D:8      | Reached XP level 10. HP: 35/77 MP: 17/17
  8412 | D:9      | Reached skill level 10 in Ranged Weapons
  8732 | D:9      | Found a flagged portal.
  8738 | Bailey   | Entered a bailey
  8808 | Bailey   | Noticed an orc warlord
  8915 | Bailey   | Found a runed translucent gate.
  8915 | Bailey   | Found a runed translucent gate.
  8915 | Bailey   | Found a runed translucent gate.
 10274 | D:9      | Reached skill level 5 in Conjurations
 10274 | D:9      | Reached skill level 5 in Hexes
 10274 | D:9      | Reached skill level 5 in Summonings
 10274 | D:9      | Reached skill level 5 in Necromancy
 10274 | D:9      | Reached skill level 5 in Translocations
 10274 | D:9      | Reached skill level 5 in Transmutations
 10274 | D:9      | Reached skill level 5 in Fire Magic
 10274 | D:9      | Reached skill level 5 in Ice Magic
 10274 | D:9      | Reached skill level 5 in Air Magic
 10274 | D:9      | Reached skill level 5 in Earth Magic
 10274 | D:9      | Reached skill level 5 in Poison Magic
 10307 | D:9      | Reached XP level 11. HP: 48/85 MP: 20/20
 10439 | D:9      | Found a staircase to the Lair.
 11036 | D:10     | Entered Level 10 of the Dungeon
 11208 | D:10     | Found a blossoming altar of Fedhas.
 11221 | D:10     | Noticed a two-headed ogre
 11226 | D:10     | Killed a two-headed ogre
 11719 | D:10     | Found a transporter.
 11745 | D:10     | Found a transporter.
 11932 | D:10     | Found a runed translucent door.
 11932 | D:10     | Noticed a deep elf pyromancer
 11936 | D:10     | Killed a deep elf pyromancer
 12081 | D:10     | Noticed a two-headed ogre
 12089 | D:10     | Killed a two-headed ogre
 12832 | Lair:1   | Entered Level 1 of the Lair of Beasts
 12946 | Lair:1   | Reached skill level 11 in Ranged Weapons
 13180 | Lair:1   | Found a gate leading to a gauntlet.
 13189 | Gauntlet | Entered a Gauntlet
 13189 | Gauntlet | Noticed a tengu warrior
 13189 | Gauntlet | Found a transporter.
 13189 | Gauntlet | Found a transporter.
 13189 | Gauntlet | Found a transporter.
 13431 | Gauntlet | Found a transporter.
 13435 | Gauntlet | Noticed a hell hog
 13443 | Gauntlet | Found a transporter.
 13445 | Gauntlet | Found a transporter.
 13449 | Gauntlet | Noticed a hell beast
 13459 | Gauntlet | Found a transporter.
 13477 | Gauntlet | Found a transporter.
 13482 | Gauntlet | Found a transporter.
 13485 | Gauntlet | Noticed a death drake
 13486 | Gauntlet | Found a transporter.
 13487 | Gauntlet | Noticed an obsidian statue
 13488 | Gauntlet | Found a runed translucent gate.
 13488 | Gauntlet | Found a runed translucent gate.
 13488 | Gauntlet | Found a runed translucent gate.
 13489 | Gauntlet | Found a large runed translucent door.
 13489 | Gauntlet | Found a large runed translucent door.
 13490 | Gauntlet | Found a large runed translucent door.
 13490 | Gauntlet | Found a large runed translucent door.
 13491 | Gauntlet | Found a large runed translucent door.
 13492 | Gauntlet | Found a large runed translucent door.
 13492 | Gauntlet | Found a large runed translucent door.
 13492 | Gauntlet | Found a runed translucent door.
 13492 | Gauntlet | Found a runed translucent door.
 13493 | Gauntlet | Found a large runed translucent door.
 13494 | Gauntlet | Found a large runed translucent door.
 13496 | Gauntlet | Found a transporter.
 13500 | Gauntlet | Found a transporter.
 13503 | Gauntlet | Found a large runed translucent door.
 13503 | Gauntlet | Found a large runed translucent door.
 13503 | Gauntlet | Found a large runed translucent door.
 13538 | Gauntlet | Found a large runed translucent door.
 13538 | Gauntlet | Found a large runed translucent door.
 13541 | Gauntlet | Found a large runed translucent door.
 13541 | Gauntlet | Found a large runed translucent door.
 13727 | Gauntlet | Noticed a minotaur
 13993 | Lair:1   | Reached XP level 12. HP: 85/94 MP: 22/22
 14221 | Lair:1   | Slain by a cane toad

Illustrated notes

Levels and vault maps discovered:
D:1:      zelgadis_glass_arrival_small, layout_rooms, hangedman_decor_slide_cut,
          chequers_big_river, minmay_misc_feat_ornament
D:2:      layout_basic
D:3:      layout_rooms, serial_shops, nicolae_book_shop_shelving, uniq_terence
D:4:      kennysheep_six_static_rooms, layout_loops_cross,
          nicolae_underground_beach
D:5:      layout_basic, st_stairs_4
D:6:      layout_loops_ring, mainiacjoe_overflow_concentric_impassable,
          temple_pool_b
D:7:      layout_basic, kennysheep_mini_moat
D:8:      layout_basic, minivault_12
D:9:      wad_river_or_something, layout_basic, erik_lair_island, enter_bailey_2
D:10:     gammafunk_worm_tunnel, layout_basic, fedhas_altar_3, minivault_13
Temple:   nicolae_temple_bog_church
Lair:1:   layout_long_grid, gauntlet_entry_generic, grunt_megastairs_4,
          uniq_maggie

Skill      XL: |  1  2  3  4  5  6  7  8  9 10 11 |
---------------+----------------------------------+-----
Invocations    | 1 2 3 4 5 6 7 |  7.8
Short Blades   | 1 2 3 4 5 6 7 |  7.1
Long Blades    | 1 2 3 4 5 6 7 |  7.1
Axes           | 1 2 3 4 5 6 7 |  7.1
Maces & Flails | 1 2 3 4 5 6 7 |  7.1
Polearms       | 1 2 3 4 5 6 7 |  7.1
Staves         | 1 2 3 4 5 6 7 |  7.1
Throwing       | 1 2 3 4 5 6 7 |  7.1
Armour         | 1 2 3 4 5 6 7 |  7.1
Shields        | 1 2 3 4 5 6 7 |  7.1
Unarmed Combat | 1 2 3 4 5 6 7 |  7.1
Spellcasting   | 1 2 3 4 5 6 7 |  7.1
Evocations     | 1 2 3 4 5 6 7 |  7.1
Conjurations   | 1 2 3 4 5 |  5.9
Hexes          | 1 2 3 4 5 |  5.9
Summonings     | 1 2 3 4 5 |  5.9
Necromancy     | 1 2 3 4 5 |  5.9
Translocations | 1 2 3 4 5 |  5.9
Transmutations | 1 2 3 4 5 |  5.9
Fire Magic     | 1 2 3 4 5 |  5.9
Ice Magic      | 1 2 3 4 5 |  5.9
Air Magic      | 1 2 3 4 5 |  5.9
Earth Magic    | 1 2 3 4 5 |  5.9
Poison Magic   | 1 2 3 4 5 |  5.9
Stealth        | 3 4 5 6 7 |  7.6
Fighting       | 5 6 7 8 |  8.6
Dodging        | 5 6 7 8 |  8.6
Ranged Weapons | 9 10 11 | 11.1

Action                     |  1- 3 |  4- 6 |  7- 9 | 10-12 || total
---------------------------+-------+-------+-------+-------++-------
  Melee: Hand axe          |       |     2 |   225 |       ||   227
         Bite              |       |     1 |    41 |    28 ||    70
         Punch             |       |       |     7 |       ||     7
         Great mace        |       |       |    15 |   244 ||   259
   Fire: Shortbow          |    71 |   167 |   245 |   142 ||   625
  Throw: Dart              |       |       |     5 |     8 ||    13
  Evoke: Wand              |       |       |     6 |     7 ||    13
    Use: Potion            |       |     1 |     2 |     6 ||     9
         Scroll            |       |       |     3 |     2 ||     5
   Stab: Distracted        |       |       |       |     4 ||     4
 Armour: Leather armour    |     1 |    11 |    10 |       ||    22
         Chain mail        |       |       |   132 |   104 ||   236
         Skin              |       |       |       |    14 ||    14
  Dodge: Dodged            |    11 |    60 |   300 |   240 ||   611
         Repelled          |       |       |     1 |     2 ||     3
